 Dungeon Sprint DCSS version 0.30.1-4-g462c640d31 (webtiles) character file.

Game seed: 9506932643351089258

4295 Groucho the Blocker (level 10, -19/71 HPs)
             Began as a Gargoyle Fighter on Sept 3, 2023.
             Was a High Priest of Qazlal.
             Demolished by a lorocyproca (24 damage)
             ... in the Dungeon (Sprint VII: "The Pits").
             The game lasted 00:04:52 (2311 turns).

Groucho the Blocker (Gargoyle Fighter)              Turns: 2311, Time: 00:04:52

Health: -19/71     AC: 33    Str: 24    XL:     10   Next: 32%
Magic:  0/18       EV:  7    Int:  9    God:    Qazlal [*****.]
Gold:   0          SH: 14    Dex:  9    Spells: 9/9 levels left

rFire   . . .        r - +2 morningstar (heavy)
rCold   . . .        c - +0 buckler
rNeg    + . .        s - +3 plate armour
rPois   ∞            (no helmet)
rElec   +            (no cloak)
rCorr   .            (no gloves)
SInv    .            b - +0 pair of boots
Will    .....        (no amulet) Stlth
                     a - +3 ring of protection
HPRegen 0.31/turn    o - +3 ring of protection
MPRegen 0.16/turn

%: no teleportation, repel missiles
@: slowed, very slow
A: sickness immunity, AC +7, negative energy resistance 1, electricity
resistance, torment resistance 1, petrification resistance
a: Renounce Religion, Upheaval, Elemental Force, Disaster Area


You were in the Dungeon.
You worshipped Qazlal.
Qazlal was extremely pleased with you.
You visited 1 branch

Inventory:

Hand Weapons
 r - a +2 heavy morningstar (weapon)
Armour
 b - a +0 pair of boots (worn)
 c - a +0 buckler (worn)
 s - a +3 plate armour (worn)
Jewellery
 a - a +3 ring of protection (left hand)
 o - a +3 ring of protection (right hand)
Scrolls
 j - a scroll of blinking
 l - 5 scrolls of amnesia
 m - a scroll of butterflies
Potions
 d - a potion of might
 e - 6 potions of curing
 f - 6 potions of heal wounds
 g - a potion of haste
 h - 4 potions of magic
 i - 3 potions of berserk rage
 k - 2 potions of invisibility
 p - a potion of mutation
 q - 2 potions of brilliance


   Skills:
 + Level 12.2 Fighting
 + Level 11.0 Maces & Flails
 + Level 12.2 Armour
 + Level 12.2 Shields
 + Level 11.7 Invocations


You had 9 spell levels left.
You didn't know any spells.
Your spell library was empty.

Dungeon Overview and Level Annotations

Branches:
Dungeon (1/1)

Altars:
Ashenzari
Cheibriados
Dithmenos
Elyvilon
Fedhas
Gozag
Hepliaklqana
Kikubaaqudgha
Makhleb
Nemelex Xobeh
Okawaru
Qazlal
Ru
Sif Muna
Trog
Uskayaw
Vehumet
Wu Jian
Xom
Yredelemnul
Zin
The Shining One
Jiyva
Lugonu


Innate Abilities, Weirdness & Mutations

You are immune to sickness and miasma.
Your stone body is resilient. (AC +7)
You are immune to poison.
You resist negative energy. (rN+)
You are resistant to electric shocks. (rElec)
You are resistant to unholy torment.
You are immune to petrification.


Message History

You hear a sizzling sound!
The death cob hits you. You block the death cob's attack.
The death cob hits you but does no damage.
You block the death cob's attack.
Unknown command.
Unknown command.
Unknown command.
The death cob hits you but does no damage. x2
You block the death cob's attack.
Unknown command.
Unknown command.
You hit the death cob but do no damage.
The death cob is lightly damaged.
The death cob hits you!
* * * LOW HITPOINT WARNING * * *
The death cob drains your vigour!
You feel as though you will be slow longer.
The death cob hits you but does no damage. x2
The death cob hits you.
* * * LOW HITPOINT WARNING * * *
The death cob drains your vigour!
You feel as though you will be slow longer.
Something hits you but does no damage.
Deactivating autopickup; reactivate with Ctrl-A.
You block the death cob's attack.
You feel better. You block the death cob's attack.
The death cob hits you but does no damage.
Something hits you but does no damage. You block the death cob's attack.
Unknown command.
Unknown command.
You feel much better. The death cob hits you! The death cob drains your vigour!
You feel as though you will be slow longer.
You block the death cob's attack. The death cob hits you!
The death cob drains your vigour!
You feel as though you will be slow longer.
Something hits you!!
* * * LOW HITPOINT WARNING * * *
You feel your power leaking away. You block the death cob's attack.
Something hits you!!
You die...

..#..#......#
............+
............+
..#..#......#
............#
#####'[###### ...##''#
######## ## ...##..#
##..)...###...##
...##..###..#'#○@z......#
...##.)##..##.##..)..#...
...##..##.##...##☼..##
...##..####.....##.##
...##...##......# ..#
#####....'......+ ..+
#####...##......# ..#
..[##..####.....# .##
.[[##..# ##...##


You could see a death cob.

Vanquished Creatures
  An eidolon (D)
  A two-headed ogre (D)
  An elephant (D)
  A demonic crawler (D)
  An orange demon (D)
  A kobold demonologist (D)
  A freezing wraith (D)
  A red devil (D)
  A tarantella (D)
  Grinder (D)
  A fire bat (D)
  A steam dragon (D)
  An acid dragon (D)
  An orc warrior (D)
  A wolf (D)
  A centaur (D)
  A phantom (D)
  A gnoll (D)
  A river rat (D)
  A white imp (D)
  6 orcs (D)
  2 ball pythons (D)
  A bat (D)
  A bat zombie (D)
  An endoplasm (D)
  3 goblins (D)
  2 hobgoblins (D)
  3 jackals (D)
  2 quokkas (D)
  3 frilled lizards (D)
44 creatures vanquished.

Vanquished Creatures (others)
  A shadow wraith (D)
1 creature vanquished.

Grand Total: 45 creatures vanquished

Notes
Turn   | Place    | Note
-------+----------+-------------------------------------------
     0 | D        | Groucho the Gargoyle Fighter began the quest for the Orb.
     0 | D        | Reached XP level 1. HP: 14/14 MP: 1/1
    12 | D        | Reached skill level 1 in Invocations
    12 | D        | Reached XP level 2. HP: 20/20 MP: 1/3
   167 | D        | Found a bloodstained altar of Trog.
   167 | D        | Found a shimmering blue altar of Sif Muna.
   167 | D        | Found a viscous altar of Jiyva.
   167 | D        | Found a hazy altar of Hepliaklqana.
   167 | D        | Found an opulent altar of Gozag.
   168 | D        | Found a glowing golden altar of the Shining One.
   168 | D        | Found a glowing silver altar of Zin.
   168 | D        | Found a basalt altar of Yredelemnul.
   168 | D        | Found a shimmering altar of Xom.
   168 | D        | Found an ornate altar of the Wu Jian Council.
   168 | D        | Found a sacrificial altar of Ru.
   168 | D        | Found a stormy altar of Qazlal.
   168 | D        | Found an iron altar of Okawaru.
   168 | D        | Found a sparkling altar of Nemelex Xobeh.
   168 | D        | Found a burning altar of Makhleb.
   168 | D        | Found a blossoming altar of Fedhas.
   168 | D        | Found a white marble altar of Elyvilon.
   168 | D        | Found a shadowy altar of Dithmenos.
   168 | D        | Found a snail-covered altar of Cheibriados.
   170 | D        | Found a radiant altar of Vehumet.
   170 | D        | Found a corrupted altar of Lugonu.
   171 | D        | Found an ancient bone altar of Kikubaaqudgha.
   171 | D        | Found a hide-covered altar of Uskayaw.
   171 | D        | Found a broken altar of Ashenzari.
   174 | D        | Became a worshipper of Qazlal Stormbringer
   207 | D        | Reached * piety under Qazlal
   224 | D        | Reached ** piety under Qazlal
   295 | D        | Noticed a centaur
   315 | D        | Killed a centaur
   315 | D        | Reached *** piety under Qazlal
   316 | D        | Reached skill level 5 in Fighting
   316 | D        | Reached skill level 5 in Armour
   316 | D        | Reached skill level 5 in Shields
   316 | D        | Reached XP level 3. HP: 21/26 MP: 3/6
   316 | D        | Reached XP level 4. HP: 25/31 MP: 3/7
   353 | D        | Noticed Grinder
   356 | D        | Noticed a phantom
   362 | D        | Killed a phantom
   363 | D        | Reached skill level 5 in Maces & Flails
   363 | D        | Reached skill level 5 in Invocations
   363 | D        | Reached XP level 5. HP: 22/36 MP: 8/8
   369 | D        | Paralysed by Grinder for 2 turns
   381 | D        | Killed Grinder
   381 | D        | Reached **** piety under Qazlal
   382 | D        | Reached XP level 6. HP: 44/44 MP: 8/10
   548 | D        | Noticed an orange demon
   565 | D        | Killed an orange demon
   566 | D        | Reached XP level 7. HP: 32/50 MP: 10/12
   933 | D        | Reached ***** piety under Qazlal
   947 | D        | Noticed a fire bat
   953 | D        | Reached XP level 8. HP: 50/56 MP: 4/14
  1288 | D        | Noticed an elephant
  1289 | D        | Noticed a kobold demonologist
  1293 | D        | Killed a kobold demonologist
  1297 | D        | Killed an elephant
  1298 | D        | Reached skill level 10 in Fighting
  1298 | D        | Reached skill level 10 in Armour
  1298 | D        | Reached skill level 10 in Shields
  1474 | D        | Noticed a freezing wraith
  1474 | D        | Noticed an eidolon
  1479 | D        | Killed a shadow wraith
  1480 | D        | Reached XP level 9. HP: 53/63 MP: 7/16
  1495 | D        | Reached skill level 10 in Invocations
  1495 | D        | Killed a freezing wraith
  1495 | D        | Killed an eidolon
  1496 | D        | Reached skill level 10 in Maces & Flails
  1792 | D        | Noticed a demonic crawler
  1794 | D        | Noticed a tarantella
  1795 | D        | Noticed a two-headed ogre
  1797 | D        | Killed a tarantella
  1800 | D        | Killed a two-headed ogre
  1801 | D        | Reached XP level 10. HP: 43/71 MP: 5/18
  1817 | D        | Killed a demonic crawler
  1817 | D        | Reached ****** piety under Qazlal
  2301 | D        | Noticed a death cob
  2311 | D        | Demolished by a lorocyproca

Illustrated notes

Levels and vault maps discovered:
D:        pitsprint [storerooms_1, entrance_room_1, metal_vault_3, armoury_1,
          mini_pit_1, grid_room_1, main_hall_1, silver_pit, the_coven_1,
          the_vestibule_1, steel_vault_2, golden_pit, hallway_of_sentries,
          crystal_vault_2, iron_vault_3, final_vault]

Skill      XL: |  1  2  3  4  5  6  7  8  9 10 |
---------------+-------------------------------+-----
Invocations    | 1 4 5 6 7 8 9 11 | 11.7
Fighting       | 5 6 7 8 9 10 11 12 | 12.2
Armour         | 5 6 7 8 9 10 11 12 | 12.2
Shields        | 5 6 7 8 9 10 11 12 | 12.2
Maces & Flails | 4 5 6 7 9 10 11 | 11.0

Action                     |  1- 3 |  4- 6 |  7- 9 | 10-12 || total
---------------------------+-------+-------+-------+-------++-------
  Melee: Flail             |     1 |       |       |       ||     1
         Mace              |    31 |    35 |    18 |       ||    84
         Morningstar       |       |       |     9 |    10 ||    19
 Invoke: Upheaval          |       |       |    11 |     4 ||    15
         Disaster Area     |       |       |     1 |       ||     1
    Use: Potion            |     1 |     2 |     1 |     4 ||     8
 Armour: Scale mail        |    15 |       |       |       ||    15
         Plate armour      |    14 |    31 |    40 |    31 ||   116
  Dodge: Dodged            |    17 |     9 |    15 |     8 ||    49
  Block: Buckler           |    24 |    21 |    34 |    37 ||   116
